 Dungeon Crawl Stone Soup version 0.30-a0-1163-gf69bf04e7a (webtiles) character file.

Game seed: 16161474277989135962

1 Esekla the Sneak (level 1, 16/16 HPs)
             Began as an Octopode Delver on Apr 29, 2023.
             Quit the game on level 5 of the Dungeon.
             The game lasted 00:01:06 (72 turns).

Esekla the Sneak (Octopode Delver)                    Turns: 72, Time: 00:01:07

Health: 16/16      AC:  1    Str: 11    XL:     1   Next: 20%
Magic:  1/1        EV: 13    Int: 12    God:
Gold:   11         SH:  0    Dex: 13    Spells: 0/0 levels left

rFire   . . .        a - +0 falchion
rCold   . . .        (no shield)
rNeg    . . .        (helmet restricted)
rPois   .            (no amulet)
rElec   .            (no ring)
rCorr   .            (no ring)
SInv    .            (no ring)
Will    .....        (no ring)
Stlth   ++++         (no ring)
HPRegen 0.22/turn    (no ring)
MPRegen 0.07/turn    (no ring)
                     (no ring)

%: no passive effects
@: no status effects
A: almost no armour, amphibious, 8 rings, camouflage 1, gelatinous body 1,
(nimble swimmer 1), tentacles
a: no special abilities


You were on level 5 of the Dungeon.
You visited 1 branch of the dungeon, and saw 1 of its levels.

You collected 11 gold pieces.

Inventory:

Hand Weapons
 a - a +0 falchion (weapon)
Wands
 f - a wand of digging (3)
Scrolls
 b - a scroll of fog
 d - a scroll of fear
 g - a scroll of identify {unknown}
Potions
 e - a potion of haste


   Skills:
 + Level 3.0 Fighting
 + Level 2.0 Long Blades
 + Level 2.0 Dodging
 + Level 6.7 Stealth


You couldn't memorise any spells.
You didn't know any spells.
Your spell library was empty.

Dungeon Overview and Level Annotations

Branches:
Dungeon (5/15)
 Temple: D:4-7

Altars:
Ashenzari
Makhleb
Zin
The Shining One


Innate Abilities, Weirdness & Mutations

You cannot wear most types of armour.
You are amphibious.
You can wear up to eight rings at the same time.
Your skin changes colour to match your surroundings (Stealth+).
Your rubbery body absorbs attacks. (AC +1, EV +1)
((You are camouflaged when in or above water. (Stealth+)))
You have tentacles for arms and can constrict up to eight enemies at once.


Message History

Welcome, Esekla the Octopode Delver.
Will you be the one to retrieve the sublime Orb of Zot from the depths?
Press ? for a list of commands and other information.
Found a glowing robe.
Found a stone staircase leading down.
You see here a +2 robe of willpower.
Found a scroll labelled EPUURU MEFIC.
Found a robe.
g - a scroll labelled EPUURU MEFIC A quokka comes into view.
The quokka closely misses you.
You closely miss the quokka. Your grab misses the quokka.
The quokka misses you.
You closely miss the quokka. Your grab misses the quokka. The quokka bites you.
The quokka barely misses you.
You hit the quokka but do no damage. Your grab misses the quokka.
The quokka bites you.
You hit the quokka.
You kill the quokka!
Found 11 gold pieces.
There is a fountain of clear blue water here.
You now have 11 gold pieces.
As you read the scroll of magic mapping, it crumbles to dust.
You feel aware of your surroundings.
You sensed 4 altars.
You open the door.
Found a broken altar of Ashenzari.
You open the door.
Found a glowing silver altar of Zin.
You open the door.
Found a glowing golden altar of the Shining One.
You open the door.
Found a burning altar of Makhleb.
Are you sure you want to abandon this character and quit the game? (Confirm with "yes".)

#..>..##
#####...#####,,,,*
#####.#
##...##.##...##,*** #.#
#.8.8.#.#.8.8.#,* #.#
#.._..#.#.._..#,* #.#
#.8...#.#...8.#,* #.#*
###...'#.#'...#*,*
#..###.#####...#####..*
##...........⌠........*
#####.#####@..#####..*
###...'#.#'...#*,*
#.8...#.#...8.#,*
#.._..#.#.._..#,*
#.8.8.#.#.8.8.#,*
##...##.##...##,*
####*...*####*,*
*#..,,,,,,,*
###********


There were no monsters in sight!

Vanquished Creatures
  A quokka (D:5)
1 creature vanquished.

Notes
Turn   | Place    | Note
-------+----------+-------------------------------------------
     0 | D:5      | Esekla the Octopode Delver began the quest for the Orb.
     0 | D:5      | Reached XP level 1. HP: 16/16 MP: 1/1
    62 | D:5      | Found a broken altar of Ashenzari.
    65 | D:5      | Found a glowing silver altar of Zin.
    68 | D:5      | Found a glowing golden altar of the Shining One.
    71 | D:5      | Found a burning altar of Makhleb.
    72 | D:5      | Quit the game

Illustrated notes

Levels and vault maps discovered:
D:5:      lemuel_ice_spiral_2, layout_basic, grunt_temple_overflow_cloverleaf,
          minivault_14, uniq_crazy_yiuf_cottage

Action                     || total
---------------------------++-------
  Melee: Falchion          ||     4
    Use: Scroll            ||     1
  Dodge: Dodged            ||     3

Table legend: (Time is in decaauts)
 A = Elapsed time spent in this place.
 B = Non-inter-level travel time spent in this place.
 C = Inter-level travel time spent in this place.
 D = Time resting spent in this place.
 E = Time spent auto-exploring this place.
 F = Levels seen in this place.
 G = Mean time per level.
                   A        B        C        D        E       F      G
               +--------+--------+--------+--------+--------+-----+--------+
         Total |     72 |     72 |      0 |      0 |      6 |   1 |   72.0 |
       Dungeon |     72 |     72 |      0 |      0 |      6 |   1 |   72.0 |
               +--------+--------+--------+--------+--------+-----+--------+

Top non-repeatable levels by time:
     D:5: 72 daAuts
